 Dungeon Crawl Stone Soup version 0.29.0-7-g18a832c13a (webtiles) character file.

Game seed: 5995996490927651771

215691 mabla the Warrior (level 18, -6/176 HPs)
             Began as a Minotaur Berserker on Aug 29, 2022.
             Was a High Priest of Trog.
             Drowned by a water nymph (8 damage)
             ... on level 4 of the Shoals on Aug 30, 2022.
             The game lasted 02:26:10 (43056 turns).

mabla the Warrior (Minotaur Berserker)             Turns: 43056, Time: 02:26:11

Health: -6/176     AC: 26    Str: 34    XL:     18   Next: 33%
Magic:  17/17      EV: 23    Int:  8    God:    Trog [*****.]
Gold:   1413       SH:  5    Dex: 16    Spells: 17/17 levels left

rFire   . . .      SeeInvis .   a - +4 executioner's axe (flame)
rCold   + . .      Faith    .   (shield currently unavailable)
rNeg    . . .      Spirit   .   V - +4 chain mail {rC+}
rPois   .          Reflect  +   (helmet restricted)
rElec   .          Harm     .   L - +1 cloak {Will+}
rCorr   +          Rampage  +   C - +1 pair of gloves of Sesypt {Rampage Drain rCorr Int+4}
Will    +....                   X - +0 pair of boots
Stlth   ..........              q - amulet of reflection
HPRegen 0.39/turn               x - ring "Kauxur" {EV+4 Dex+4}
MPRegen 0.15/turn               T - +6 ring of strength

@: mighty, lethally poisoned (-6 -> -32), lit by a corona, weak-willed, spiked,
glowing, studying Unarmed Combat, very slow
A: horns 2, retaliatory headbutt
}: 1/15 runes: gossamer
a: Renounce Religion, Berserk, Trog's Hand, Brothers in Arms


You were on level 4 of the Shoals.
You worshipped Trog.
Trog was extremely pleased with you.
You visited 5 branches of the dungeon, and saw 30 of its levels.
You also visited: Ossuary, Gauntlet and Ice Cave.

You collected 2989 gold pieces.
You spent 1576 gold pieces at shops.

Inventory:

Hand Weapons
 a - a +4 executioner's axe of flaming (weapon)
 b - the +4 arbalest of Onal {vorpal, rF+ rN+ Dex+6}
   (You bought it in a shop on level 2 of the Orcish Mines)

   Any ammunition fired from it inflicts extra damage upon your enemies.
   Dex:       It affects your dexterity (+6).
   rF:        It protects you from fire.
   rN:        It protects you from negative energy.
 z - the +6 battleaxe of Big Damage {vorpal, rElec Stlth+}
   (Trog gifted it to you on level 4 of the Lair of Beasts)

   It inflicts extra damage upon your enemies.
   rElec:     It insulates you from electricity.
   Stlth:     It makes you more stealthy.
 Z - a +5 antimagic battleaxe
Missiles
 v - 10 silver javelins
 w - 3 throwing nets
Armour
 C - the +1 pair of gloves of Sesypt (worn) {Rampage Drain rCorr Int+4}
   (You found it on level 3 of the Spider Nest)

   Int:       It affects your intelligence (+4).
   rCorr:     It protects you from acid and corrosion.
   Drain:     It drains your maximum health when unequipped.
   Rampage:   It bestows one free step when moving towards enemies.
 L - a +1 cloak of willpower (worn)
 V - a +4 chain mail of cold resistance (worn)
 W - a +2 tower shield of reflection
 X - a +0 pair of boots (worn)
Jewellery
 h - a ring of protection from cold
 i - a +6 ring of dexterity
 l - a ring of protection from cold
 n - an amulet of guardian spirit
 q - an amulet of reflection (around neck)
 x - the ring "Kauxur" (left hand) {EV+4 Dex+4}
   (You found it on level 5 of the Dungeon)

   [ring of evasion]

   EV:        It affects your evasion (+4).
   Dex:       It affects your dexterity (+4).
 H - a ring of fire
 J - the ring of Emumum {Ice rPois Int+4 Dex+3}
   (You took it off a minotaur in a Gauntlet)

   [ring of ice]

   It enhances your ice magic.
   Int:       It affects your intelligence (+4).
   Dex:       It affects your dexterity (+3).
   rF:        It makes you vulnerable to fire.
   rC:        It protects you from cold.
   rPois:     It protects you from poison.
 K - a ring of ice
 N - a ring of positive energy
 T - a +6 ring of strength (right hand)
Wands
 g - a wand of digging (7)
 o - a wand of flame (39)
 u - a wand of roots (60)
 y - a wand of polymorph (1)
 D - a wand of acid (18)
 O - a wand of paralysis (15)
 R - a wand of mindburst (9)
Scrolls
 c - 3 scrolls of butterflies
 d - 8 scrolls of poison
 k - 3 scrolls of magic mapping
 m - 2 scrolls of blinking
 E - 9 scrolls of teleportation
 G - a scroll of silence
 P - 14 scrolls of identify
 Q - a scroll of fear
 U - 3 scrolls of enchant weapon
 Y - 4 scrolls of enchant armour
Potions
 e - 4 potions of resistance
 f - 6 potions of magic
 j - 5 potions of might
 p - 6 potions of heal wounds
 r - 6 potions of haste
 s - a potion of curing
 t - 4 potions of flight
 A - 4 potions of invisibility
 B - 4 potions of attraction
 F - 4 potions of berserk rage
 I - 5 potions of ambrosia
 S - 2 potions of cancellation
Miscellaneous
 M - a box of beasts


   Skills:
 + Level 19.0 Fighting
 + Level 18.9 Axes
 * Level 13.4 Ranged Weapons
 + Level 18.8 Armour
 + Level 17.4 Dodging
 - Level 5.0 Evocations


You had 17 spell levels left.
You didn't know any spells.
Your spell library was empty.

Dungeon Overview and Level Annotations

Branches:
Dungeon (15/15)            Temple (0/1) D:6            Lair (5/5) D:10
 Shoals (4/4) Lair:2       Spider (4/4) Lair:2        Slime (0/5) Lair:5
    Orc (2/2) D:10            Elf (0/3) Orc:2        Vaults (0/5) D:14
 Depths (0/4) D:15        Ossuary (visited)           IceCv (visited)
Gauntlet (visited)

Altars:
Ashenzari
Dithmenos
Fedhas
Kikubaaqudgha
Nemelex Xobeh
Sif Muna
Uskayaw
Wu Jian
Zin
The Shining One
Jiyva

Shops:
D:6 ?   D:8 [   D:12 (   Orc:2 !!((

Annotations:
Lair:4 exclusion: oklob plant


Innate Abilities, Weirdness & Mutations

You have a pair of horns on your head.
You reflexively headbutt those who attack you in melee.


Message History

Unknown command.
Okay, then.
You cannot read scrolls while unable to breathe!
You feel much better.
Your lungs strain for air!
You feel extremely sick.
The merfolk aquamancer hits you but does no damage.
The sea snake bites you. The water elemental closely misses you.
The water nymph gestures at you while chanting.
The water swirls and strikes you!
* * * LOW HITPOINT WARNING * * *
The manticore flicks its tail.
The volley of spikes misses you.
You feel very mighty all of a sudden.
* * * LOW HITPOINT WARNING * * *
Your lungs strain for air!
* * * LOW HITPOINT WARNING * * *
You feel extremely sick.
The sea snake bites you but does no damage.
The snapping turtle bites you but does no damage.
The sea snake bites you!
* * * LOW HITPOINT WARNING * * *
The faun shoots a sling bullet.
You reflect the sling bullet off an invisible shield around you!
The sling bullet closely misses the faun.
The water elemental closely misses you. You furiously retaliate!
You headbutt the water elemental!
You destroy the water elemental!
Trog accepts your kill.
You gasp with relief as air once again reaches your lungs.
The merfolk aquamancer completely misses you.
The sea snake bites you!
* * * LOW HITPOINT WARNING * * *
The wind drake flaps its wings at you. The air twists around and strikes you!
* * * LOW HITPOINT WARNING * * *
The water nymph touches you.
* * * LOW HITPOINT WARNING * * *
The water nymph drowns you!
You die...

#P~ #..#.....P#~
.PPP###P...[...P~P
...P(P.P........~~
~$.......k...~.~~~
~~.....H..c....~~~
~......H.~.~..~~~~
......tc~(~~.~~~~~
~.....SS~~†(~~~~~~
~~~~~~S@m~~~~~~~..
≈≈~~~~~m~~~~~~~~..
≈≈~~~~~~$~~~~~~~~.
≈~~~~~~~~c~~~~~P~.
~~~~~~~~~~~m~~~~~.
~~~~~~~~H~~~~c~~~.
~~~~~~~~~~~~~~~~~.
~~~~~~~^~~~###~


You could see a merfolk impaler, a satyr, 3 sea snakes, a merfolk aquamancer, a
snapping turtle, a wind drake (repels missiles), 3 fauns, 3 manticores and a
water nymph.

Vanquished Creatures
  Arachne (Spider:2)
  Nikola (Shoals:2)
  Jorgrun (D:15)
  Rupert (D:12)
  Kirke (D:15)
  A frost giant (Shoals:3)
  9 emperor scorpions
  Aizul (Spider:2)
  5 ghost moths
  A reaper (Gauntlet)
  A broodmother (Spider:4)
  2 entropy weavers
  2 spark wasps
  4 merfolk impalers
  Josephine (D:15)
  3 fire dragons
  A great orb of eyes (D:13)
  Fannar (D:12)
  2 radroaches
  5 boulder beetles
  9 hydras
  4 ogre magi (Orc:2)
  A merfolk avatar (Lair:5)
  2 jorogumos
  A death knight (D:13)
  5 centaur warriors
  2 satyrs (Shoals:2)
  20 two-headed ogres
  4 death yaks
  6 merfolk aquamancers
  A tengu warrior (D:13)
  Nergalle (D:12)
  2 fire crabs (Shoals:2)
  2 sun moths
  18 sea snakes
  7 pharaoh ants
  A kraken simulacrum (Shoals:3)
  A lindwurm (Lair:1)
  9 steelbarb worms
  Pikel (D:6)
  A necromancer (D:13)
  12 orb spiders
  6 deep elf pyromancers
  15 harpies
  6 cyclopes
  12 fauns
  3 moths of wrath
  28 wolf spiders
  10 ugly things
  13 manticores
  An elephant (shapeshifter) (D:14)
  20 elephants
  11 merfolk sirens
  4 black mambas
  3 water nymphs
  6 cane toads
  4 torpor snails
  Maggie (D:7)
  A komodo dragon (shapeshifter) (D:14)
  2 efreet (D:15)
  A kobold demonologist (D:12)
  3 rime drakes
  A yaktaur (D:15)
  A hellwing (Gauntlet)
  2 demonic crawlers
  12 komodo dragons
  A tengu conjurer (D:13)
  A meliai (shapeshifter) (D:14)
  5 trolls
  20 merfolk
  2 polar bears (Lair:5)
  2 hornets
  Prince Ribbit (D:5)
  20 blink frogs
  3 wind drakes
  A raiju (Gauntlet)
  3 snapping turtles (Shoals:3)
  24 tarantellas
  10 slime creatures
  25 dream sheep
  45 jumping spiders
  Sigmund (D:2)
  A vampire (D:10)
  2 wyverns (Lair:5)
  21 culicivoras
  19 water elementals
  7 wraiths
  18 yaks
  2 basilisks (Lair:5)
  5 fire bats
  2 shadows
  55 redbacks
  3 alligator snapping turtle simulacra (Shoals:3)
  2 hogs (D:15)
  6 vampire mosquitoes
  2 death yak simulacra (Shoals:3)
  4 steam dragons
  3 sea snake simulacra (Shoals:3)
  Edmund (D:5)
  A warg (Orc:1)
  A harpy simulacrum (Shoals:3)
  Duvessa (D:6)
  4 acid dragons
  10 water moccasins
  A hell hound (D:9)
  A black bear (shapeshifter) (D:14)
  13 orc warriors
  A black bear (D:6)
  A satyr simulacrum (Shoals:3)
  An ice beast (D:7)
  10 wolves
  24 ogres
  An ogre (shapeshifter) (D:14)
  4 boggarts (D:15)
  18 centaurs
  3 phantoms
  A kobold brigand (D:9)
  8 bullfrogs
  A necrophage (D:5)
  2 two-headed ogre simulacra (IceCv)
  A faun simulacrum (Shoals:3)
  A gnoll sergeant (D:13)
  A merfolk simulacrum (Shoals:3)
  A cane toad simulacrum (IceCv)
  3 scorpions
  3 troll zombies (D:10)
  Dowan (D:6)
  A snapping turtle simulacrum (Shoals:3)
  4 manticore simulacra (Shoals:3)
  An elephant simulacrum (IceCv)
  9 killer bees
  7 electric eels
  2 howler monkeys
  2 lava snakes (D:9)
  6 jellies
  11 orc priests
  4 hounds
  Ijyb (D:3)
  3 iguanas
  19 orc wizards
  6 troll simulacra (IceCv)
  10 hell rats
  2 polar bear simulacra (IceCv)
  5 spriggan simulacra (IceCv)
  A wolf simulacrum (IceCv)
  A centaur simulacrum (Shoals:3)
  5 ogre zombies (D:10)
  2 mummies (Ossuary)
  7 gnolls
  A naga simulacrum (IceCv)
  6 adders
  2 shadow imps (D:5)
  20 white imps
  11 ufetubi
  2 worms
  3 dart slugs (D:2)
  48 orcs
  10 ball pythons
  12 endoplasms
  2 giant cockroaches
  5 gnoll zombies (Ossuary)
  5 goblins
  9 hobgoblins
  7 jackals
  2 quokkas
  10 bats
  2 frilled lizards
  A goblin skeleton (D:10)
  3 goblin zombies (Ossuary)
  2 hobgoblin skeletons (D:10)
  10 hobgoblin zombies
  7 kobolds
  4 orc skeletons (D:10)
  14 orc zombies
  5 rats
  A plant (Shoals:3)
1068 creatures vanquished.

Vanquished Creatures (collateral kills)
  A frost giant (Shoals:3)
  A minotaur (Gauntlet)
  A two-headed ogre (Orc:2)
  An orc high priest (Orc:2)
  A sun moth (Spider:4)
  A steelbarb worm (Spider:3)
  An orb spider (Spider:3)
  A wolf spider (Spider:3)
  A manticore (Shoals:2)
  3 jumping spiders
  A water elemental (Shoals:2)
  An alligator snapping turtle simulacrum (Shoals:3)
  A redback (Spider:2)
  An orc warrior (Orc:2)
  3 ogres (Orc:2)
  A merfolk simulacrum (Shoals:3)
  A faun simulacrum (Shoals:3)
  A snapping turtle simulacrum (Shoals:3)
  3 orcs (Orc:2)
25 creatures vanquished.

Vanquished Creatures (others)
  A merfolk impaler (Shoals:2)
  A jumping spider (Spider:4)
  An orc (D:8)
  3 demonic plants (D:5)
  3 fire vortices (D:9)
  24 fungi
  166 plants
  4 tentacles (Shoals:3)
  16 toadstools (Lair:4)
  A withered plant (Gauntlet)
220 creatures vanquished.

Grand Total: 1313 creatures vanquished

Notes
Turn   | Place    | Note
-------+----------+-------------------------------------------
     0 | D:1      | mabla the Minotaur Berserker began the quest for the Orb.
     0 | D:1      | Reached XP level 1. HP: 19/19 MP: 0/0
   177 | D:1      | Reached XP level 2. HP: 26/27 MP: 1/1
   239 | D:1      | Found a faded altar of an unknown god.
   532 | D:1      | Reached skill level 4 in Fighting
   981 | D:2      | Reached XP level 3. HP: 33/33 MP: 2/2
  1282 | D:2      | Noticed Sigmund
  1301 | D:2      | Reached ** piety under Trog
  1307 | D:2      | Killed Sigmund
  1308 | D:2      | Reached XP level 4. HP: 41/41 MP: 3/3
  1308 | D:2      | Reached XP level 5. HP: 47/47 MP: 4/4
  1362 | D:2      | Reached skill level 5 in Fighting
  1380 | D:2      | Found an ancient bone altar of Kikubaaqudgha.
  2110 | D:3      | Reached skill level 5 in Axes
  2197 | D:3      | Noticed Ijyb
  2210 | D:3      | Killed Ijyb
  2278 | D:3      | Reached XP level 6. HP: 51/56 MP: 5/5
  2785 | D:3      | Found a glowing silver altar of Zin.
  2890 | D:4      | Found a broken altar of Ashenzari.
  4129 | D:5      | Entered Level 5 of the Dungeon
  4222 | D:5      | Reached skill level 5 in Armour
  4229 | D:5      | Reached XP level 7. HP: 56/62 MP: 6/6
  4234 | D:5      | Reached *** piety under Trog
  4242 | D:5      | Reached skill level 6 in Fighting
  4262 | D:5      | Found a sand-covered staircase.
  4266 | Ossuary  | Entered an ossuary
  4762 | D:5      | Reached skill level 5 in Dodging
  4909 | D:5      | Noticed Prince Ribbit
  4922 | D:5      | Killed Prince Ribbit
  5186 | D:5      | Reached XP level 8. HP: 70/71 MP: 7/7
  5611 | D:5      | Identified the ring "Kauxur" {EV+4 Dex+4}
  5673 | D:5      | Noticed Edmund
  5740 | D:5      | Killed Edmund
  5741 | D:5      | Reached skill level 7 in Fighting
  6181 | D:6      | Found a staircase to the Ecumenical Temple.
  6212 | D:6      | Noticed Duvessa
  6212 | D:6      | Noticed Dowan
  6221 | D:6      | Killed Duvessa
  6246 | D:6      | Killed Dowan
  6343 | D:6      | Noticed Pikel
  6365 | D:6      | Killed Pikel
  6366 | D:6      | Reached skill level 8 in Fighting
  6366 | D:6      | Reached XP level 9. HP: 62/81 MP: 8/8
  6745 | D:6      | Reached **** piety under Trog
  6747 | D:6      | Found Kedarexe's Magic Scroll Shoppe.
  6761 | D:6      | Bought a scroll of teleportation for 30 gold pieces
  8077 | D:7      | Reached skill level 1 in Evocations
  8097 | D:7      | Noticed Maggie
  8120 | D:7      | Killed Maggie
  8720 | D:8      | Reached skill level 9 in Fighting
  9106 | D:8      | Reached XP level 10. HP: 79/91 MP: 9/9
  9614 | D:8      | Found Aghem's Antique Armour Shoppe.
  9617 | D:8      | Bought an embroidered cloak for 142 gold pieces
  9677 | D:8      | Found a glowing golden altar of the Shining One.
  9743 | D:9      | Found a sparkling altar of Nemelex Xobeh.
  9774 | D:9      | Reached ***** piety under Trog
 10271 | D:9      | Found a shimmering blue altar of Sif Muna.
 10357 | D:9      | Found a hide-covered altar of Uskayaw.
 10722 | D:9      | Identified the +8 whip of Grand Conscience {speed, rF-
                  | rCorr Str+4 Dex+3}
 11174 | D:10     | Entered Level 10 of the Dungeon
 11239 | D:10     | Found a staircase to the Lair.
 11251 | D:10     | Reached skill level 10 in Fighting
 11251 | D:10     | Reached skill level 10 in Axes
 11300 | D:10     | Noticed a deep elf pyromancer
 11324 | D:10     | Killed a deep elf pyromancer
 11476 | D:10     | Found a staircase to the Orcish Mines.
 11498 | D:10     | Noticed a manticore
 11510 | D:10     | Killed a manticore
 11522 | D:10     | Reached skill level 10 in Armour
 11528 | D:10     | Received a gift from Trog
 11799 | D:10     | Reached XP level 11. HP: 97/101 MP: 10/10
 12655 | D:10     | Found an ornate altar of the Wu Jian Council.
 12906 | Lair:1   | Entered Level 1 of the Lair of Beasts
 13162 | Lair:1   | Identified the +1 leather armour of Pathos {Int+3}
 13186 | Lair:1   | Noticed a lindwurm
 13203 | Lair:1   | Killed a lindwurm
 14041 | Lair:1   | Reached skill level 5 in Evocations
 14434 | Lair:2   | Reached skill level 11 in Fighting
 14529 | Lair:2   | Reached skill level 10 in Dodging
 14621 | Lair:2   | Found a hole to the Spider Nest.
 15149 | Lair:2   | Found a staircase to the Shoals.
 15156 | Lair:2   | Noticed a five-headed hydra
 15163 | Lair:2   | Killed a one-headed hydra
 15897 | Lair:3   | Reached XP level 12. HP: 100/112 MP: 11/11
 16044 | Lair:3   | Reached skill level 12 in Fighting
 16307 | Lair:3   | Noticed a six-headed hydra
 16316 | Lair:3   | Killed a three-headed hydra
 17883 | Lair:4   | Reached skill level 13 in Fighting
 18017 | Lair:4   | Identified the +6 battleaxe of Big Damage {vorpal, rElec
                  | Stlth+} (Trog gifted it to you on level 4 of the Lair of
                  | Beasts)
 18017 | Lair:4   | Received a gift from Trog
 18174 | Lair:4   | Reached XP level 13. HP: 122/122 MP: 12/12
 18583 | Lair:4   | Found a blossoming altar of Fedhas.
 18983 | Lair:5   | Entered Level 5 of the Lair of Beasts
 19459 | Lair:5   | Identified the +9 rapier "Wukhom" {flame, rElec}
 19561 | Lair:5   | Reached skill level 14 in Fighting
 20380 | Lair:5   | Received a gift from Trog
 20787 | Lair:5   | Found a viscous altar of Jiyva.
 20787 | Lair:5   | Found a staircase to the Slime Pits.
 22123 | D:12     | Reached XP level 14. HP: 121/133 MP: 13/13
 22279 | D:12     | Noticed Fannar
 22288 | D:12     | Killed Fannar
 22339 | D:12     | Found Unulud's Antique Weapon Shop.
 22385 | D:12     | Identified the +3 quarterstaff "Murmur" {vorpal, rElec
                  | Will+}
 22527 | D:12     | Noticed Nergalle
 22538 | D:12     | Killed Nergalle
 22567 | D:12     | Received a gift from Trog
 22600 | D:12     | Noticed Rupert
 22610 | D:12     | Paralysed by Rupert for 4 turns
 22614 | D:12     | Killed Rupert
 22615 | D:12     | Reached skill level 15 in Fighting
 22615 | D:12     | Reached skill level 15 in Axes
 22986 | D:13     | Found a frozen archway.
 23006 | IceCv    | Entered an ice cave
 23389 | IceCv    | Reached ****** piety under Trog
 24160 | D:13     | Reached skill level 15 in Armour
 24723 | D:13     | Found a runed translucent door.
 24819 | D:13     | Received a gift from Trog
 25380 | Orc:1    | Entered Level 1 of the Orcish Mines
 25466 | Orc:2    | Entered Level 2 of the Orcish Mines
 25466 | Orc:2    | Found a staircase to the Elven Halls.
 25496 | Orc:2    | Found a gate leading to a gauntlet.
 25505 | Gauntlet | Entered a Gauntlet
 25505 | Gauntlet | Found a transporter.
 25505 | Gauntlet | Found a transporter.
 25511 | Gauntlet | Found a transporter.
 25511 | Gauntlet | Found a transporter.
 25514 | Gauntlet | Found a transporter.
 25529 | Gauntlet | Found a transporter.
 25597 | Gauntlet | Found a transporter.
 25597 | Gauntlet | Found a transporter.
 25606 | Gauntlet | Noticed a reaper
 25613 | Gauntlet | Killed a reaper
 25638 | Gauntlet | Noticed a broodmother
 25862 | Gauntlet | Found a transporter.
 25864 | Gauntlet | Found a transporter.
 25866 | Gauntlet | Identified the +1 pair of boots of the Great Game {rC-
                  | Regen+ Int-2 Dex+6}
 25867 | Gauntlet | Identified the +3 ring mail of the Raven {rF+}
 25870 | Gauntlet | Found a runed translucent door.
 25886 | Gauntlet | Identified the +7 glaive of Bile {vorpal, Str+3}
 25886 | Gauntlet | Identified the +6 acid dragon scales "Xokuel" {rElec rCorr
                  | Int+4}
 25886 | Gauntlet | Identified the ring of Emumum {Ice rPois Int+4 Dex+3}
 26169 | Orc:2    | Reached skill level 16 in Fighting
 26183 | Orc:2    | Reached XP level 15. HP: 70/144 MP: 14/14
 26564 | Orc:2    | Found Edawn's Distillery.
 26564 | Orc:2    | Found Meamu's Weapon Shop.
 26565 | Orc:2    | Found Zaraor's Distillery.
 26565 | Orc:2    | Found Gyupheq's Antique Weapon Shoppe.
 26607 | Orc:2    | Bought the +4 arbalest of Onal {vorpal, rF+ rN+ Dex+6} for
                  | 690 gold pieces
 26609 | Orc:2    | Bought a potion of might for 60 gold pieces
 26609 | Orc:2    | Bought a potion of haste for 150 gold pieces
 26609 | Orc:2    | Bought a potion of haste for 150 gold pieces
 26630 | Orc:2    | Bought a potion of haste for 110 gold pieces
 26630 | Orc:2    | Bought a potion of heal wounds for 55 gold pieces
 26630 | Orc:2    | Bought a potion of might for 44 gold pieces
 26630 | Orc:2    | Bought a potion of heal wounds for 55 gold pieces
 27025 | Orc:2    | Upgraded the game from 0.29.0-5-ge4962eb29e to
                  | 0.29.0-7-g18a832c13a
 27191 | D:14     | Reached skill level 15 in Dodging
 27197 | D:14     | Found a gate to the Vaults.
 27430 | D:14     | Reached skill level 1 in Ranged Weapons
 27433 | D:14     | Received a gift from Trog
 27514 | D:14     | Found a shadowy altar of Dithmenos.
 28004 | D:15     | Entered Level 15 of the Dungeon
 28275 | D:15     | Found Zin's Purification Station.
 28278 | D:15     | Found a glowing silver altar of Zin.
 28287 | D:15     | Bought a potion of curing for 90 gold pieces
 28649 | D:15     | Noticed Kirke
 29052 | D:15     | Noticed Josephine
 29055 | D:15     | Killed Josephine
 29155 | D:15     | Noticed Jorgrun
 29165 | D:15     | Killed Jorgrun
 29171 | D:15     | Reached skill level 5 in Ranged Weapons
 29430 | D:15     | Killed Kirke
 29470 | D:15     | Found a staircase to the Depths.
 29880 | Spider:1 | Entered Level 1 of the Spider Nest
 30016 | Spider:1 | Received a gift from Trog
 30017 | Spider:1 | Noticed an emperor scorpion
 30031 | Spider:1 | Killed an emperor scorpion
 31074 | Spider:1 | Noticed an emperor scorpion
 31086 | Spider:1 | Killed an emperor scorpion
 31244 | Spider:1 | Reached skill level 17 in Fighting
 31715 | Spider:1 | Reached XP level 16. HP: 155/155 MP: 15/15
 32312 | Spider:2 | Received a gift from Trog
 32596 | Spider:2 | Noticed Arachne
 32624 | Spider:2 | Killed Arachne
 33172 | Spider:2 | Noticed Aizul
 33186 | Spider:2 | Killed Aizul
 34660 | Spider:3 | Received a gift from Trog
 35382 | Spider:3 | Identified the -2 hat of Knowledge {+Inv Int-5 Dex+5
                  | Slay+2}
 35384 | Spider:3 | Identified the +1 pair of gloves of Sesypt {Rampage Drain
                  | rCorr Int+4}
 35796 | Spider:4 | Entered Level 4 of the Spider Nest
 36083 | Spider:4 | Reached skill level 10 in Ranged Weapons
 36459 | Spider:4 | Reached XP level 17. HP: 108/163 MP: 16/16
 36815 | Spider:4 | Reached skill level 18 in Fighting
 37186 | Spider:4 | Received a gift from Trog
 37936 | Spider:4 | Got a gossamer rune of Zot
 38079 | Shoals:1 | Entered Level 1 of the Shoals
 39625 | Shoals:2 | Received a gift from Trog
 40321 | Shoals:2 | Noticed Nikola
 40335 | Shoals:2 | Killed Nikola
 40911 | Shoals:2 | Reached XP level 18. HP: 162/173 MP: 17/17
 41325 | Shoals:2 | Received a gift from Trog
 41793 | Shoals:3 | Found a runed translucent gate.
 41799 | Shoals:3 | Found a runed translucent gate.
 41800 | Shoals:3 | Found a runed translucent gate.
 42444 | Shoals:3 | Received a gift from Trog
 42852 | Shoals:3 | Reached skill level 19 in Fighting
 42885 | Shoals:4 | Entered Level 4 of the Shoals
 43056 | Shoals:4 | HP: 4/176 [wind drake/the air (10)]
 43056 | Shoals:4 | Drowned by a water nymph

Illustrated notes

Levels and vault maps discovered:
D:1:      minmay_arrival_cross, layout_basic, shapermc_ecumenical_altar_petra
D:2:      layout_basic, basic_altar, grunt_ministairs_12,
          chequers_serial_rivers_marsh, uniq_sigmund
D:3:      layout_basic, mainiacjoe_overflow_paths, minmay_cupped, uniq_ijyb
D:4:      layout_basic, mainiacjoe_overflow_cross_hatched
D:5:      layout_basic, enter_ossuary_5, serial_demonic, serial_demonic_f,
          serial_demonic_c, serial_demonic_g, serial_demonic_c,
          minmay_fractal_squares_5, uniq_prince_ribbit1, uniq_edmund
D:6:      layout_cave_pods, minmay_temple_entry_from_below_a, serial_shops,
          nicolae_stop_n_shop_2, uniq_duvessa, uniq_pikel
D:7:      layout_layer_cave, uniq_maggie
D:8:      layout_cave_pools, mainiacjoe_overflow_six_doors_small, serial_shops,
          nicolae_shop_behind_doors
D:9:      layout_roguey, mainiacjoe_overflow_boulevard,
          mainiacjoe_overflow_concentric_impassable,
          nicolae_overflow_crystal_walls, palyth_stone_intersect,
          hangedman_incinerator
D:10:     layout_irregular_city, nzn_wu_jian_council_hall, david_lair_shrubbed,
          zombieorc2_lemuel, grunt_decor_clamped, minmay_chambers_of_fives
D:11:     layout_cave_pods
D:12:     layout_basic, serial_shops, nicolae_square_shop, grunt_ministairs_2,
          uniq_rupert, uniq_fannar, uniq_nergalle
D:13:     minmay_the_grid_triangle_9x9_rhombus_thin
          [minmay_the_grid_triangle_9x9_subtriangle,
          minmay_the_grid_triangle_9x9_prize_top_heavy,
          minmay_the_grid_triangle_9x9_sprig,
          minmay_the_grid_triangle_9x9_wacky_v], layout_basic,
          portal_ice_cave_entry_imps
D:14:     layout_irregular_city, david_vaults_2, nicolae_dithmenos_the_darkroom
D:15:     grunt_enter_depths_hoard, layout_basic,
          chequers_serial_rivers_large_a, zin_purify, uniq_josephine,
          uniq_kirke, uniq_jorgrun
Lair:1:   layout_regular_city, minmay_holes, st_stairs_5
Lair:2:   wad_woods_04, layout_regular_city, elwin_shoals_entry_stream,
          nicolae_spider_entry_tight_spaces
Lair:3:   layout_layer_cave
Lair:4:   beast_lair_carwin_large_3, layout_long_grid, fungi_pond_lemuel,
          lookout_lair_type, tgw_fedhas, serial_bayou_shore_b
Lair:5:   gammafunk_lair_ancient_temple, layout_misc_corridors,
          nicolae_slime_entry_slimehenge
Shoals:1: layout_shoals
Shoals:2: cheibrodos_shoals_three_sisters, layout_shoals,
          hangedman_shoal_volcano, uniq_nikola
Shoals:3: layout_shoals, nicolae_shoals_beach_cooler
Shoals:4: shoals_end_grunt_garden, layout_shoals, nicolae_shop_gadgets,
          uniq_polyphemus
Spider:1: layout_spider_delve, hangedman_spider_mandibles,
          hellmonk_spider_spawner
Spider:2: layout_spider_delve, uniq_aizul, uniq_arachne
Spider:3: layout_spider_delve, hellmonk_motheaten_closet
Spider:4: guppyfry_spider_rune, guppyfry_spider_mini_2
Orc:1:    layout_diamond_mine, serial_shops, shop
Orc:2:    st_orc_ogre_mass, layout_caves, gauntlet_entry_generic

Skill      XL: |  1  2  3  4  5  6  7  8  9 10 11 12 13 14 15 16 17 18 |
---------------+-------------------------------------------------------+-----
Fighting       | 4 5 6 8 9 10 11 13 14 16 17 18 19 | 19.0
Axes           | 4 5 6 8 9 10 11 13 14 16 17 18 | 18.9
Armour         | 3 4 5 6 7 8 10 11 13 14 15 16 17 18 | 18.8
Dodging        | 3 4 5 7 8 9 10 12 13 14 15 16 17 | 17.4
Evocations     | 2 4 5 |  5.0
Ranged Weapons | 6 10 12 13 | 13.4

Action                   |  1- 3 |  4- 6 |  7- 9 | 10-12 | 13-15 | 16-18 || total
-------------------------+-------+-------+-------+-------+-------+-------++-------
Melee: Hand axe          |    76 |   128 |    99 |       |       |       ||   303
       Headbutt          |     8 |    19 |    49 |   136 |   185 |   159 ||   556
       Punch             |       |     3 |     3 |     6 |     1 |       ||    13
       Flail             |       |       |    72 |       |       |       ||    72
       Unarmed           |       |       |    10 |       |       |       ||    10
       War axe           |       |       |    49 |       |       |       ||    49
       Broad axe         |       |       |    41 |   550 |   182 |       ||   773
       Battleaxe         |       |       |       |    16 |   271 |     4 ||   291
       Executioner's axe |       |       |       |       |   346 |   704 ||  1050
 Fire: Arbalest          |       |       |       |       |   115 |   275 ||   390
Throw: Boomerang         |       |    12 |    10 |    15 |       |       ||    37
Invok: Berserk           |     1 |     2 |     2 |     2 |     2 |     3 ||    12
       Brothers in Arms  |       |       |       |       |     4 |     5 ||     9
       Trog's Hand       |       |       |       |       |     1 |       ||     1
Evoke: Wand              |       |       |     1 |       |       |       ||     1
  Use: Scroll            |       |    10 |     7 |     5 |     9 |     1 ||    32
       Potion            |       |       |       |     3 |     7 |     6 ||    16
 Stab: Sleeping          |     1 |       |       |       |       |       ||     1
       Confused          |       |       |     1 |       |       |       ||     1
       Distracted        |       |       |     1 |       |     1 |       ||     2
Armor: Animal skin       |     5 |       |       |       |       |       ||     5
       Ring mail         |     9 |    26 |    21 |       |       |       ||    56
       Chain mail        |       |       |    31 |    81 |   273 |   351 ||   736
       Plate armour      |       |       |    24 |   108 |       |       ||   132
Dodge: Dodged            |    61 |    78 |   156 |   344 |   812 |   850 ||  2301
Block: Other             |       |    27 |    50 |   102 |   205 |   188 ||   572
       Reflection        |       |       |     1 |     2 |    22 |     6 ||    31
